 Dungeon Crawl Stone Soup version 0.24-a0-378-g94936e539c (webtiles) character file.

Game seed: 13878923648200431554

38 Mithandil the Chopper (level 3, -2/33 HPs)
             Began as a Hill Orc Berserker on June 2, 2019.
             Was a Believer of Trog.
             Slain by Sigmund
             ... wielding a +0 scythe
              (9 damage)
             ... on level 2 of the Dungeon.
             The game lasted 00:07:03 (1295 turns).

Mithandil the Chopper (Hill Orc Berserker)          Turns: 1295, Time: 00:07:03

Health: -2/33      AC:  7    Str: 20    XL:     3   Next: 43%
Magic:  3/3        EV: 10    Int:  7    God:    Trog [**....]
Gold:   75         SH:  0    Dex: 10    Spells: 2/2 levels left

rFire    . . .     SeeInvis .   a - +0 hand axe
rCold    . . .     Gourm    .   (no shield)
rNeg     . . .     Faith    .   e - +0 scale mail
rPois    .         Spirit   .   (no helmet)
rElec    .         Reflect  .   h - +0 cloak
rCorr    .         Harm     .   (no gloves)
MR       ++...                  (no boots)
Stlth    ..........             (no amulet)
HPRegen  1.11/turn              (no ring)
MPRegen  0.08/turn              (no ring)

@: regenerating
A: no striking features
a: Berserk, Trog's Hand, Renounce Religion


You were on level 2 of the Dungeon.
You worshipped Trog.
Trog was pleased with you.
You were not hungry.

You visited 1 branch of the dungeon, and saw 2 of its levels.

You collected 75 gold pieces.

Inventory:

Hand Weapons
 a - a +0 hand axe (weapon)
 b - a +0 spear
Missiles
 g - 24 stones (quivered)
Armour
 d - a +0 ring mail
 e - a +0 scale mail (worn)
 f - a +1 animal skin
 h - a +0 cloak (worn)
Comestibles
 c - 2 rations


   Skills:
 + Level 4.0 Fighting
 * Level 5.0 Axes
 + Level 0.2(2.5) Polearms
 + Level 2.7 Armour
 - Level 1.5 Dodging


You had 2 spell levels left.
You didn't know any spells.
Your spell library was empty.

Dungeon Overview and Level Annotations

Branches:
Dungeon (2/15)

Altars:

Annotations:
D:2 Sigmund


Message History

You slash the hobgoblin!
You kill the hobgoblin!
Trog accepts your kill.
You hit the hobgoblin.
You kill the hobgoblin!
Trog accepts your kill. Something hits you but does no damage.
You see here a +0 club.
You barely miss something. Something hits you.
You closely miss something.
Sigmund appears from thin air!
Reactivating autopickup.
Sigmund mumbles some strange words.
Sigmund flickers and vanishes!
Deactivating autopickup; reactivate with Ctrl-A.
You barely miss something. Something hits you.
You miss something. You hit something. Something hits you!
* * * LOW HITPOINT WARNING * * *
You hit something but do no damage. Something hits you!
You die...

♣...........###
♣.###..##.###
#......#
##.)#### ##.#
#.# #.#
♣♣########.#
#.@{.......#
############


There were no monsters in sight!

Vanquished Creatures
  2 dart slugs (D:1)
  A leopard gecko (D:1)
  A ball python (D:1)
  2 giant cockroaches
  3 goblins (D:1)
  7 hobgoblins
  4 jackals (D:1)
  2 bats (D:1)
  2 frilled lizards (D:1)
  2 kobolds (D:1)
  3 rats
29 creatures vanquished.

Notes
Turn   | Place    | Note
-------+----------+-------------------------------------------
     0 | D:1      | Mithandil the Hill Orc Berserker began the quest for the
                  | Orb.
     0 | D:1      | Reached XP level 1. HP: 19/19 MP: 1/1
   222 | D:2      | Reached XP level 2. HP: 23/27 MP: 2/2
   767 | D:1      | Reached XP level 3. HP: 33/33 MP: 3/3
   828 | D:1      | Reached ** piety under Trog
   855 | D:1      | Reached skill level 5 in Axes
  1235 | D:2      | Noticed Sigmund
  1295 | D:2      | Slain by Sigmund

Levels and vault maps discovered:
D:1:      kennysheep_arrival_seaside, layout_basic, minmay_hexomino_f4
D:2:      layout_loops_ring, serial_forest, infiniplex_forest_3_way,
          infiniplex_forest_lined_3, infiniplex_forest_lined_3,
          infiniplex_forest_straight_2, infiniplex_forest_straight_4,
          infiniplex_forest_clump_C, infiniplex_forest_fountain,
          chequers_ecumenical_altar_simple_redux, grunt_ministairs_3,
          uniq_sigmund, uniq_terence, uniq_natasha

Skill      XL: |  1  2  3 |
---------------+----------+-----
Fighting       | 4 |  4.0
Axes           | 5 |  5.0
Polearms       | |  0.2
Armour         | |  2.7
Dodging        | |  1.5

Action                   || total
-------------------------++-------
Melee: Hand axe          ||   100
Invok: Trog's Hand       ||     1
  Use: Scroll            ||     7
  Eat: Ration            ||     1
Armor: Animal skin       ||    13
       Scale mail        ||    30
Dodge: Dodged            ||    54

Table legend:
 A = Non-vault XP
 B = Vault XP
 C = Vault XP percentage of total XP
 D = Non-vault monster count
 E = Vault monster count
 F = Vault count percentage of total count
                 A         B        C        D         E       F
            +---------+---------+-------+---------+---------+-------
      Total |      49 |       6 |  10.9 |      26 |       3 |  10.3
            +---------+---------+-------+---------+---------+-------
        D:1 |      40 |       6 |  13.0 |      21 |       3 |  12.5
        D:2 |       9 |       0 |   0.0 |       5 |       0 |   0.0
            +---------+---------+-------+---------+---------+-------
